 Dungeon Crawl Stone Soup version 0.30-a0-900-g23479c02f2 (webtiles) character file.

Game seed: 15802057752937057347

153 bobarctor the Grave Robber (level 5, -2/35 HPs)
             Began as a Demonspawn Necromancer on Mar 18, 2023.
             Slain by an orc
             ... wielding a +0 flail
              (6 damage)
             ... on level 4 of the Dungeon on Mar 19, 2023.
             The game lasted 00:22:28 (2761 turns).

bobarctor the Grave Robber (Demonspawn Necromancer) Turns: 2761, Time: 00:22:28

Health: -2/35      AC:  5    Str: 14    XL:     5   Next: 12%
Magic:  7/10       EV: 12    Int: 18    God:
Gold:   184        SH:  0    Dex: 14    Spells: 4/11 levels left

rFire   . . .      SeeInvis .    k - +0 dagger
rCold   . . .      Faith    .    (no shield)
rNeg    . . .      Spirit   .    a - +0 robe
rPois   .          Reflect  .    p - +0 helmet
rElec   .          Rampage  .    (no cloak)
rCorr   .                        (no gloves)
Will    .....                    (no boots)
Stlth   ++                       (no amulet)
HPRegen 0.25/turn                y - +6 ring of strength
MPRegen 0.12/turn                (no ring)

@: no status effects
A: hooves 1, yellow scales 1
a: no special abilities


You were on level 4 of the Dungeon.
You visited 1 branch of the dungeon, and saw 4 of its levels.

You collected 184 gold pieces.

Inventory:

Hand Weapons
 e - a +0 short sword
 k - a +0 dagger (weapon)
Missiles
 i - 2 poisoned darts
Armour
 a - a +0 robe (worn)
 p - a +0 helmet (worn)
Magical Staves
 s - a staff of cold
Jewellery
 t - a ring of fire
 y - a +6 ring of strength (left hand)
Scrolls
 c - a scroll of blinking {unknown}
 g - a scroll of fog {unknown}
 h - a scroll of enchant armour {unknown}
 j - a scroll of amnesia {unknown}
 n - a scroll of brand weapon {unknown}
 o - a scroll of vulnerability {unknown}
 r - 3 scrolls of identify
 u - a scroll of teleportation {unknown}
 v - a scroll of poison {unknown}
 w - a scroll of noise {unknown}
Potions
 d - 2 potions of mutation
 f - 2 potions of attraction {unknown}
 l - a potion of curing {unknown}
 m - a potion of ambrosia {unknown}
 q - 2 potions of heal wounds {unknown}
 x - a potion of resistance {unknown}


   Skills:
 + Level 2.0 Dodging
 + Level 1.8 Stealth
 - Level 1.0 Unarmed Combat
 * Level 3.6 Spellcasting
 * Level 0.8 Conjurations
 + Level 5.4 Necromancy
 * Level 0.4 Ice Magic


You had 4 spell levels left.
You knew the following spells:

 Your Spells              Type           Power      Damage    Failure   Level
a - Necrotise             Necr           88%        1d8       1%          1
b - Vampiric Draining     Necr           22%        2d7       4%          3
c - Hailstorm             Conj/Ice       5%         3d4       34%         3

Your spell library contained the following spells:

 Spells                   Type           Power      Damage    Failure   Level
 Animate Dead             Necr           22%        N/A       17%         4
 Ignite Poison            Fire/Tmut/Pois 3%         N/A       43%         3
 Sticky Flame             Conj/Fire      4%         2d3       78%         4
 Ice Form                 Ice/Tmut       4%         N/A       80%         4
 Agony                    Necr           22%        N/A       43%         5
 Simulacrum               Ice/Necr       6%         N/A       100%        6
 Ignition                 Fire           1%         3d3       100%        8


Dungeon Overview and Level Annotations

Branches:
Dungeon (4/15)
 Temple: D:4-7

Altars:

Shops:
D:4 (


Innate Abilities, Weirdness & Mutations

You have large cloven feet.
You are partially covered in yellow scales. (AC +2)


Message History

The orc attacks as you move away! The orc barely misses you.
A jackal comes into view.
The jackal barks! x2
A jackal comes into view.
Your magical contamination has completely faded away.
There is a stone staircase leading up here.
The orc attacks as you move away! The orc closely misses you.
The jackal attacks as you move away! The jackal bites you.
* * * LOW HITPOINT WARNING * * *
The jackal attacks as you move away!
The jackal bites you but does no damage. x2
The jackal misses you. The jackal attacks as you move away!
The jackal bites you.
* * * LOW HITPOINT WARNING * * *
The jackal closely misses you. The jackal misses you.
Casting: Vampiric Draining (dangerous; 4% risk of failure)
Confirm with . or Enter, or press ? or * to list all spells.
Aiming: Vampiric Draining (dangerous; 4% risk of failure)
Press: ? - help, Shift-Dir - straight line, f - jackal, p - orc
Aim: a jackal You draw life force from the jackal.
You feel life coursing into your body. The jackal barely misses you.
The jackal bites you.
* * * LOW HITPOINT WARNING * * *
Magic courses through your body.
The jackal bites you but does no damage.
The jackal barely misses you.
Casting: Vampiric Draining (dangerous; 4% risk of failure)
Confirm with . or Enter, or press ? or * to list all spells.
Aiming: Vampiric Draining (dangerous; 4% risk of failure)
Press: ? - help, Shift-Dir - straight line, f/p - jackal
Aim: a jackal (almost dead)
You draw life force from the jackal.
You kill the jackal!
You feel life coursing into your body. The jackal closely misses you.
As you read the scroll labelled KAASIY ZAUNTAT, it crumbles to dust.
It is a scroll of identify.
d - 2 potions of mutation The orc hits you with a +0 flail.
You die...

#..........#
#..........#
#..........# ##
#..........# ...
#..........#
#..##..........#
................#
#...##.ol.......#
.......@#####.###
......Whh..##.#
....#...h<.##o#
... #........l#
.. #..8.∩.8..#
#......####
#.##.>.# #. #....
#. ###.#.


You could see a phantom, an iguana, an orc and 3 jackals.

Vanquished Creatures
  An orc priest (D:3)
  An orc wizard (D:3)
  3 adders
  3 worms
  2 dart slugs (D:1)
  An orc (D:3)
  2 ball pythons
  3 bats
  6 endoplasms
  2 giant cockroaches (D:1)
  5 hobgoblins
  7 jackals
  3 quokkas
  2 frilled lizards (D:2)
  5 goblins
  2 kobolds (D:1)
  4 rats (D:1)
52 creatures vanquished.

Vanquished Creatures (collateral kills)
  A ball python (D:1)
  A jackal (D:1)
  A kobold (D:1)
  A frilled lizard (D:3)
4 creatures vanquished.

Grand Total: 56 creatures vanquished

Notes
Turn   | Place    | Note
-------+----------+-------------------------------------------
     0 | D:1      | bobarctor the Demonspawn Necromancer began the quest for
                  | the Orb.
     0 | D:1      | Reached XP level 1. HP: 13/13 MP: 3/3
   207 | D:1      | Gained mutation: You are partially covered in yellow
                  | scales. (AC +2) [demonic ancestry]
   207 | D:1      | Reached XP level 2. HP: 19/19 MP: 1/5
   827 | D:1      | Reached skill level 1 in Unarmed Combat
   827 | D:1      | Reached XP level 3. HP: 24/24 MP: 2/6
  1074 | D:1      | Reached skill level 5 in Necromancy
  1337 | D:2      | Learned a level 3 spell: Vampiric Draining
  1341 | D:2      | Learned a level 3 spell: Hailstorm
  1822 | D:2      | Gained mutation: You have large cloven feet. [demonic
                  | ancestry]
  1822 | D:2      | Reached XP level 4. HP: 30/30 MP: 8/8
  2125 | D:2      | Found a faded altar of an unknown god.
  2700 | D:3      | Reached XP level 5. HP: 27/35 MP: 0/10
  2730 | D:4      | Found Enuun's Antique Weapon Boutique.
  2739 | D:4      | HP: 1/35 [orc/+0 flail (4)]
  2741 | D:4      | Noticed a phantom
  2753 | D:4      | HP: 1/35 [jackal (2)]
  2761 | D:4      | Slain by an orc

Illustrated notes

Levels and vault maps discovered:
D:1:      lemuel_arrival_river_bridge, layout_basic, hex_medium
D:2:      layout_basic, shapermc_ecumenical_altar_mp_vishouse
D:3:      layout_rooms
D:4:      layout_basic, mainiacjoe_overflow_brackets, serial_shops,
          nicolae_shop_advertising_works [nicolae_subvault_shop_adworks],
          nicolae_stop_n_shop_2, uniq_robin

Skill      XL: |  1  2  3  4 |
---------------+-------------+-----
Unarmed Combat | 1 |  1.0
Necromancy     | 5 |  5.4
Spellcasting   | 3 |  3.6
Dodging        | 2 |  2.0
Stealth        | |  1.8
Conjurations   | |  0.8
Ice Magic      | |  0.4

Action                     |  1- 3 |  4- 6 || total
---------------------------+-------+-------++-------
  Melee: Short sword       |    17 |       ||    17
         Dagger            |    38 |    24 ||    62
         Kick              |       |     9 ||     9
         Punch             |       |     1 ||     1
   Cast: Necrotise         |    61 |    27 ||    88
         Vampiric Draining |     2 |     3 ||     5
    Use: Scroll            |       |     1 ||     1
         Potion            |       |     1 ||     1
 Armour: Robe              |    21 |    19 ||    40
  Dodge: Dodged            |    47 |    40 ||    87

Table legend: (Time is in decaauts)
 A = Elapsed time spent in this place.
 B = Non-inter-level travel time spent in this place.
 C = Inter-level travel time spent in this place.
 D = Time resting spent in this place.
 E = Time spent auto-exploring this place.
 F = Levels seen in this place.
 G = Mean time per level.
                   A        B        C        D        E       F      G
               +--------+--------+--------+--------+--------+-----+--------+
         Total |   2762 |   2716 |     46 |    312 |   1827 |   4 |  690.5 |
       Dungeon |   2762 |   2716 |     46 |    312 |   1827 |   4 |  690.5 |
               +--------+--------+--------+--------+--------+-----+--------+

Top non-repeatable levels by time:
     D:1: 1265 daAuts
     D:2: 1127 daAuts
     D:3: 339 daAuts
     D:4: 30 daAuts
